Vancouver Canucks vs Hartford Whalers
Created - Sunday, October 6, 2024 at 09:34
Goals
|
| Vancouver Canucks |
1 |
0 |
0 |
1 |
| Hartford Whalers |
1 |
2 |
1 |
4 |
|
Shots
|
| Vancouver Canucks |
6 |
15 |
9 |
30 |
| Hartford Whalers |
18 |
13 |
9 |
40 |
|
1st period
1. Hartford Whalers , Anthony Cirelli 4 (Alec Martinez 2, Nick Suzuki 24) at 5:24
2. Vancouver Canucks , Taylor Raddysh 11 (Artturi Lehkonen 18) at 19:09
Penalties :
Kaiden Guhle (HFD) for Goalie Interference (Minor) at 15:03
2nd period
3. Hartford Whalers , Joshua Norris 6 (Anthony Cirelli 13) at 8:42
4. Hartford Whalers , Taylor Hall 4 (Matthew Coronato 6, Lukas Reichel 6) at 13:31
Penalties :
Mikko Rantanen (VAN) for Tripping (Minor) at 2:14, Mikko Rantanen (VAN) for Holding (Minor) at 15:21
3rd period
5. Hartford Whalers , Kaapo Kakko 8 (Joshua Norris 4, Torey Krug 10) at 5:58 (PP)
Penalties :
Casey Mittelstadt (VAN) for Delaying the game (Minor) at 5:53, Nathan Smith (VAN) for Interference (Minor) at 7:14
Goalie Stats
Joonas Korpisalo (VAN), 36 saves from 40 shots - (0.900), L, 4-7-2, 60:00 minutes
Anton Forsberg (HFD), 29 saves from 30 shots - (0.967), W, 3-7-1, 60:00 minutes
Players Stats for Vancouver Canucks
Player Name G A P +/- PIM S H SB GA TA FO MP PP MP PK MP
------------------------------------------------------------------------------------
Adam Boqvist 0 0 0 0 0 0 0 3 0 0 0/0 17:23 1:06 0:00
Artturi Lehkonen 0 1 1 1 0 3 2 0 1 1 0/0 16:47 0:52 2:51
Casey Mittelstadt 0 0 0 -2 2 3 0 0 0 0 6/12 16:33 0:59 0:18
Clayton Keller 0 0 0 -2 0 4 2 0 0 0 1/1 16:17 0:59 0:03
Connor Zary 0 0 0 -1 0 0 0 0 0 0 0/0 9:23 0:52 0:00
Emil Martinsen Lilleberg 0 0 0 -2 0 1 3 0 0 0 0/0 17:31 0:00 2:56
Jacob Bernard-Docker 0 0 0 -2 0 2 0 1 0 1 0/0 16:28 0:00 3:06
Jake Bean 0 0 0 0 0 1 1 0 0 2 0/0 17:23 1:06 0:00
Jesperi Kotkaniemi 0 0 0 0 0 2 3 1 0 0 8/15 15:15 0:08 0:00
Kasperi Kapanen 0 0 0 0 0 4 1 1 0 0 0/2 18:09 0:00 3:02
Matias Maccelli 0 0 0 0 0 3 1 1 1 0 1/2 15:07 0:00 0:00
Mikko Rantanen 0 0 0 -2 4 2 3 1 1 0 0/0 16:29 1:07 0:07
Miro Heiskanen 0 0 0 0 0 0 2 0 0 0 0/0 26:09 0:53 2:56
Nathan Smith 0 0 0 1 2 0 1 0 0 0 4/14 13:05 0:00 0:00
Noah Hanifin 0 0 0 0 0 1 2 3 0 1 0/0 25:06 0:53 3:06
Robby Fabbri 0 0 0 -1 0 1 0 1 0 0 0/0 8:39 0:08 0:00
Taylor Raddysh 1 0 1 1 0 2 2 0 0 0 0/0 16:58 0:52 3:02
Ty Dellandrea 0 0 0 -1 0 1 1 0 0 0 2/5 11:12 0:00 2:41
Players Stats for Hartford Whalers
Player Name G A P +/- PIM S H SB GA TA FO MP PP MP PK MP
------------------------------------------------------------------------------------
Alec Martinez 0 1 1 1 0 0 0 2 0 1 0/0 16:14 0:00 0:00
Anthony Cirelli 1 1 2 2 0 1 1 0 1 0 1/3 18:33 2:11 1:06
Charlie McAvoy 0 0 0 -1 0 4 1 0 0 2 0/0 22:57 3:42 0:59
Josh Anderson 0 0 0 0 0 2 4 0 0 0 2/4 12:53 0:03 0:00
Joshua Norris 1 1 2 2 0 4 0 0 0 0 3/4 18:21 3:51 0:00
Kaapo Kakko 1 0 1 0 0 4 1 0 0 0 0/1 16:16 3:48 0:00
Kaiden Guhle 0 0 0 1 2 2 1 0 0 0 0/0 16:16 0:00 0:00
Lukas Reichel 0 1 1 0 0 1 0 0 1 0 1/2 9:28 0:00 0:00
Matthew Coronato 0 1 1 0 0 1 1 0 1 0 0/0 9:28 0:00 0:00
Miles Wood 0 0 0 0 0 1 4 1 1 0 1/1 14:53 0:00 0:00
Morgan Frost 0 0 0 0 0 2 1 1 0 0 4/8 17:52 2:11 0:53
Nick Suzuki 0 1 1 2 0 5 1 0 0 0 15/23 18:38 2:11 1:06
Ryan McDonagh 0 0 0 -1 0 0 1 0 0 0 0/0 22:57 3:42 0:59
Ryan Suter 0 0 0 2 0 0 2 2 0 0 0/0 20:49 2:20 1:00
T.J. Oshie 0 0 0 0 0 5 1 0 0 0 0/0 14:53 0:00 0:00
Taylor Hall 1 0 1 0 0 2 1 0 0 0 1/2 10:27 0:03 0:53
Tomas Tatar 0 0 0 0 0 4 0 0 1 0 1/3 16:16 3:48 0:00
Torey Krug 0 1 1 2 0 2 1 2 0 0 0/0 20:49 2:20 1:00
3 Stars
1 - Anthony Cirelli (HFD)
2 - Joshua Norris (HFD)
3 - Anton Forsberg (HFD)
Power Play
Vancouver Canucks - 0 on 1 Attempt(s) - 0.00%
Hartford Whalers - 1 on 4 Attempt(s) - 25.00%
Penalty Kill
Vancouver Canucks - 3 on 4 Attempt(s) - 75.00%
- Score 0 goal in Penalty Kill
Hartford Whalers - 1 on 1 Attempt(s) - 100.00%
- Score 0 goal in Penalty Kill
Team Stat
Vancouver Canucks - Hits : 24 - Faceoff Wins : 22 - Blocked Shots : 12 - Penalty Minutes : 8
Hartford Whalers - Hits : 21 - Faceoff Wins : 29 - Blocked Shots : 8 - Penalty Minutes : 2
Official
Referees : Chris Rooney and Ian Walsh
Linesman : Jonny Murray and Brad Kovachik
Game Notes
No Game Note
Finance
Level 1 -- Attendance: 5273 (52.73%) -- Ticket Income $474,570
Level 2 -- Attendance: 4592 (91.84%) -- Ticket Income $252,560
Level 3 -- Attendance: 2799 (93.30%) -- Ticket Income $83,970
Level 4 -- Attendance: 4606 (92.12%) -- Ticket Income $92,120
Luxury Box -- Attendance: 876 (87.60%) -- Ticket Income $166,440
Game was played at the Hartford Civic Center.
Total Attendance: 18146 (75.61%)
Total Ticket Income: $1,069,660
Other Income: $374,381
Total Income: $1,444,041
Vancouver Canucks
5 vs 5 Forward
Center Left Wing Right Wing Time % Phy DF OF
1 Casey Mittelstadt Clayton Keller Mikko Rantanen 30 1 2 2
2 Jesperi Kotkaniemi Matias Maccelli Kasperi Kapanen 30 1 2 2
3 Nathan Smith Artturi Lehkonen Taylor Raddysh 25 1 2 2
4 Robby Fabbri Connor Zary Ty Dellandrea 15 1 2 2
5 vs 5 Defense
Defense Defense Time % Phy DF OF
1 Noah Hanifin Miro Heiskanen 30 1 2 2
2 Jake Bean Adam Boqvist 30 1 2 2
3 Emil Martinsen Lilleberg Jacob Bernard-Docker 25 1 2 2
4 Noah Hanifin Miro Heiskanen 15 1 2 2
PowerPlay Forward
Center Left Wing Right Wing Time % Phy DF OF
1 Casey Mittelstadt Clayton Keller Mikko Rantanen 50 1 2 2
2 Connor Zary Artturi Lehkonen Taylor Raddysh 50 1 2 2
PowerPlay Defense
Defense Defense Time % Phy DF OF
1 Noah Hanifin Miro Heiskanen 50 1 2 2
2 Jake Bean Adam Boqvist 50 1 2 2
Penalty Kill 4 Players Forward
Center Wing Time % Phy DF OF
1 Ty Dellandrea Artturi Lehkonen 50 1 2 2
2 Kasperi Kapanen Taylor Raddysh 50 1 2 2
Penalty Kill 4 Players Defense
Defense Defense Time % Phy DF OF
1 Noah Hanifin Jacob Bernard-Docker 50 1 2 2
2 Emil Martinsen Lilleberg Miro Heiskanen 50 1 2 2
Penalty Kill - 3 Players Forward
Forward Time % Phy DF OF
1 Ty Dellandrea 50 1 2 2
2 Artturi Lehkonen 50 1 2 2
Penalty Kill - 3 Players Defense
Defense Defense Time % Phy DF OF
1 Noah Hanifin Miro Heiskanen 50 1 2 2
2 Jacob Bernard-Docker Adam Boqvist 50 1 2 2
4 vs 4 Forward
Center Wing Time % Phy DF OF
1 Mikko Rantanen Clayton Keller 50 1 2 2
2 Casey Mittelstadt Matias Maccelli 50 1 2 2
4 vs 4 Defense
Defense Defense Time % Phy DF OF
1 Noah Hanifin Miro Heiskanen 50 1 2 2
2 Jake Bean Adam Boqvist 50 1 2 2
Last Minutes Offensive
Center Left Wing Right Wing Defense Defense
Connor Zary Clayton Keller Mikko Rantanen Noah Hanifin Miro Heiskanen
Last Minutes Defensive
Center Left Wing Right Wing Defense Defense
Connor Zary Clayton Keller Mikko Rantanen Noah Hanifin Miro Heiskanen
Goaltenders
Starting : Joonas Korpisalo
Backup : Ville Husso
Extra Forwards
Normal : Casey Mittelstadt, Artturi Lehkonen, Mikko Rantanen - PP : Artturi Lehkonen, Mikko Rantanen - PK : Mikko Rantanen
Extra Defensemen
Normal : Miro Heiskanen, Noah Hanifin, Adam Boqvist - PP : Noah Hanifin - PK : Miro Heiskanen, Noah Hanifin
Penalty Shots
Taylor Raddysh, Mikko Rantanen, Clayton Keller, Artturi Lehkonen, Casey Mittelstadt
Scratches
Anton Lundell (Sprained Left Ankle Injury), Justin Schultz (Healthy), Aleksander Barkov (Suspend), Jesse Ylonen (Healthy), Jacob Bryson (Healthy)
Justus Annunen (Healthy)
Hartford Whalers
5 vs 5 Forward
Center Left Wing Right Wing Time % Phy DF OF
1 Nick Suzuki Anthony Cirelli Joshua Norris 30 1 2 2
2 Morgan Frost T.J. Oshie Miles Wood 30 1 2 2
3 Josh Anderson Kaapo Kakko Tomas Tatar 25 1 2 2
4 Taylor Hall Lukas Reichel Matthew Coronato 15 1 2 2
5 vs 5 Defense
Defense Defense Time % Phy DF OF
1 Charlie McAvoy Ryan McDonagh 35 1 2 2
2 Torey Krug Ryan Suter 35 1 2 2
3 Kaiden Guhle Alec Martinez 30 1 2 2
4 Charlie McAvoy Ryan McDonagh 0 1 2 2
PowerPlay Forward
Center Left Wing Right Wing Time % Phy DF OF
1 Nick Suzuki Anthony Cirelli Morgan Frost 50 1 2 2
2 Joshua Norris Kaapo Kakko Tomas Tatar 50 1 2 2
PowerPlay Defense
Defense Defense Time % Phy DF OF
1 Charlie McAvoy Ryan McDonagh 50 1 2 2
2 Torey Krug Ryan Suter 50 1 2 2
Penalty Kill 4 Players Forward
Center Wing Time % Phy DF OF
1 Nick Suzuki Anthony Cirelli 50 1 2 2
2 Taylor Hall Morgan Frost 50 1 2 2
Penalty Kill 4 Players Defense
Defense Defense Time % Phy DF OF
1 Charlie McAvoy Ryan McDonagh 50 1 2 2
2 Torey Krug Ryan Suter 50 1 2 2
Penalty Kill - 3 Players Forward
Forward Time % Phy DF OF
1 Nick Suzuki 50 1 2 2
2 Anthony Cirelli 50 1 2 2
Penalty Kill - 3 Players Defense
Defense Defense Time % Phy DF OF
1 Charlie McAvoy Ryan McDonagh 50 1 2 2
2 Torey Krug Ryan Suter 50 1 2 2
4 vs 4 Forward
Center Wing Time % Phy DF OF
1 Nick Suzuki Anthony Cirelli 50 1 2 2
2 Joshua Norris Morgan Frost 50 1 2 2
4 vs 4 Defense
Defense Defense Time % Phy DF OF
1 Charlie McAvoy Ryan McDonagh 50 1 2 2
2 Torey Krug Ryan Suter 50 1 2 2
Last Minutes Offensive
Center Left Wing Right Wing Defense Defense
Nick Suzuki Anthony Cirelli Joshua Norris Charlie McAvoy Ryan McDonagh
Last Minutes Defensive
Center Left Wing Right Wing Defense Defense
Nick Suzuki Anthony Cirelli Joshua Norris Charlie McAvoy Ryan McDonagh
Goaltenders
Starting : Anton Forsberg
Backup : Spencer Knight
Extra Forwards
Normal : Tomas Tatar, Taylor Hall, Kaapo Kakko - PP : Tomas Tatar, Taylor Hall - PK : Kaapo Kakko
Extra Defensemen
Normal : Kaiden Guhle, Charlie McAvoy, Torey Krug - PP : Kaiden Guhle - PK : Charlie McAvoy, Torey Krug
Penalty Shots
Nick Suzuki, Anthony Cirelli, Taylor Hall, Morgan Frost, T.J. Oshie
Scratches
None
% Time on Ice - Vancouver Canucks
Lines # - Real PCT - Wanted PCT - Time Play
Normal Forward
1 - 29% - 30% - 15:17
2 - 29% - 30% - 15:07
3 - 25% - 25% - 13:04
4 - 16% - 15% - 8:31
Normal Defense
1 - 29% - 30% - 15:04
2 - 34% - 30% - 17:30
3 - 26% - 25% - 13:22
4 - 12% - 15% - 6:03
PP Forward
1 - 56% - 50% - 1:07
2 - 44% - 50% - 0:52
PP Defense
1 - 45% - 50% - 0:53
2 - 55% - 50% - 1:06
PK Forward
1 - 50% - 50% - 3:00
2 - 50% - 50% - 3:02
PK Defense
1 - 51% - 50% - 3:06
2 - 49% - 50% - 2:56
PK3 Forward
1 - 0% - 50%
2 - 0% - 50%
PK3 Defense
1 - 0% - 50%
2 - 0% - 50%
44 Forward
1 - 0% - 50%
2 - 0% - 50%
44 Defense
1 - 0% - 50%
2 - 0% - 50%
Last Minute Offensive - 0:00
Last Minute Defensive - 0:00
Total
Forward - 60:00
Defense - 60:00
|
% Time on Ice - Hartford Whalers
Lines # - Real PCT - Wanted PCT - Time Play
Normal Forward
1 - 29% - 30% - 15:07
2 - 29% - 30% - 14:57
3 - 24% - 25% - 12:27
4 - 18% - 15% - 9:28
Normal Defense
1 - 35% - 35% - 18:14
2 - 34% - 35% - 17:29
3 - 31% - 30% - 16:14
4 - 0% - 0% - 0:02
PP Forward
1 - 36% - 50% - 2:11
2 - 64% - 50% - 3:51
PP Defense
1 - 61% - 50% - 3:42
2 - 39% - 50% - 2:20
PK Forward
1 - 55% - 50% - 1:06
2 - 45% - 50% - 0:53
PK Defense
1 - 50% - 50% - 0:59
2 - 50% - 50% - 1:00
PK3 Forward
1 - 0% - 50%
2 - 0% - 50%
PK3 Defense
1 - 0% - 50%
2 - 0% - 50%
44 Forward
1 - 0% - 50%
2 - 0% - 50%
44 Defense
1 - 0% - 50%
2 - 0% - 50%
Last Minute Offensive - 0:00
Last Minute Defensive - 0:00
Total
Forward - 60:00
Defense - 60:00
|
Play-by-Play
1st period
0:01 of 1st period - Casey Mittelstadt wins face-off versus Nick Suzuki in neutral zone.
0:16 of 1st period - Wrist shot by Nick Suzuki.
0:16 of 1st period - Deflect By Joshua Norris.
0:16 of 1st period - Shot Misses the Net.
0:16 of 1st period - Puck is out of play.
0:17 of 1st period - Jesperi Kotkaniemi wins face-off versus Morgan Frost in Vancouver Canucks zone.
0:22 of 1st period - Snap shot by Jesperi Kotkaniemi.
0:22 of 1st period - Shot Misses the Net.
0:47 of 1st period - Slapshot by Jake Bean.
0:47 of 1st period - Shot Blocked by Alec Martinez.
0:49 of 1st period - Slapshot by Jake Bean.
0:49 of 1st period - Stopped by Anton Forsberg without a rebound.
0:50 of 1st period - Tomas Tatar wins face-off versus Nathan Smith in Hartford Whalers zone.
1:47 of 1st period - Jacob Bernard-Docker is hit by Matthew Coronato and loses puck.
2:28 of 1st period - Slapshot by Miro Heiskanen.
2:28 of 1st period - Deflect By Artturi Lehkonen.
2:28 of 1st period - Stopped by Anton Forsberg without a rebound.
2:29 of 1st period - Nick Suzuki wins face-off versus Nathan Smith in Hartford Whalers zone.
2:36 of 1st period - Nick Suzuki is hit by Noah Hanifin and loses puck.
2:43 of 1st period - Slapshot by Torey Krug.
2:43 of 1st period - Deflect By Nick Suzuki.
2:43 of 1st period - Deflect By Miro Heiskanen.
2:43 of 1st period - Shot Misses the Net.
2:43 of 1st period - Puck is out of play.
2:44 of 1st period - Josh Anderson wins face-off versus Jesperi Kotkaniemi in Vancouver Canucks zone.
2:45 of 1st period - Wrist shot by Tomas Tatar.
2:45 of 1st period - Shot Blocked by Kasperi Kapanen.
2:47 of 1st period - Slapshot by Torey Krug.
2:47 of 1st period - Deflect By Kaapo Kakko.
2:47 of 1st period - Stopped by Joonas Korpisalo without a rebound.
2:48 of 1st period - Jesperi Kotkaniemi wins face-off versus Kaapo Kakko in Vancouver Canucks zone.
2:53 of 1st period - Snap shot by Tomas Tatar.
2:53 of 1st period - Stopped by Joonas Korpisalo with a rebound.
3:17 of 1st period - Snap shot by Miles Wood.
3:17 of 1st period - Shot Misses the Net.
3:19 of 1st period - Wrist shot by T.J. Oshie.
3:19 of 1st period - Stopped by Joonas Korpisalo with a rebound.
3:21 of 1st period - Slapshot by Torey Krug.
3:21 of 1st period - Stopped by Joonas Korpisalo without a rebound.
3:22 of 1st period - Nick Suzuki wins face-off versus Nathan Smith in Vancouver Canucks zone.
3:27 of 1st period - Wrist shot by Nick Suzuki.
3:27 of 1st period - Stopped by Joonas Korpisalo with a rebound.
3:29 of 1st period - Wrist shot by Kaiden Guhle.
3:29 of 1st period - Stopped by Joonas Korpisalo with a rebound.
5:05 of 1st period - Kaiden Guhle is hit by Artturi Lehkonen and loses puck.
5:18 of 1st period - Snap shot by Nick Suzuki.
5:18 of 1st period - Shot Blocked by Jacob Bernard-Docker.
5:20 of 1st period - Wrist shot by Nick Suzuki.
5:20 of 1st period - Stopped by Joonas Korpisalo with a rebound.
5:22 of 1st period - Snap shot by Alec Martinez.
5:22 of 1st period - Shot Misses the Net.
5:24 of 1st period - Wrist shot by Anthony Cirelli.
5:24 of 1st period - Goal by Anthony Cirelli - Vancouver Canucks : 0 - Hartford Whalers : 1.
5:25 of 1st period - Joshua Norris wins face-off versus Jesperi Kotkaniemi in neutral zone.
6:23 of 1st period - Wrist shot by Charlie McAvoy.
6:23 of 1st period - Shot Misses the Net.
6:55 of 1st period - Torey Krug is hit by Noah Hanifin and loses puck.
8:02 of 1st period - Snap shot by Matias Maccelli.
8:02 of 1st period - Stopped by Anton Forsberg with a rebound.
8:04 of 1st period - Wrist shot by Kasperi Kapanen.
8:04 of 1st period - Shot Misses the Net.
8:08 of 1st period - Wrist shot by Matias Maccelli.
8:08 of 1st period - Stopped by Anton Forsberg with a rebound.
8:10 of 1st period - Slapshot by Jacob Bernard-Docker.
8:10 of 1st period - Shot Misses the Net.
8:22 of 1st period - Kaapo Kakko is hit by Ty Dellandrea.
9:25 of 1st period - Slapshot by Josh Anderson.
9:25 of 1st period - Stopped by Joonas Korpisalo with a rebound.
9:27 of 1st period - Slapshot by Kaiden Guhle.
9:27 of 1st period - Stopped by Joonas Korpisalo with a rebound.
9:29 of 1st period - Slapshot by Ryan Suter.
9:29 of 1st period - Deflect By Tomas Tatar.
9:29 of 1st period - Stopped by Joonas Korpisalo without a rebound.
9:30 of 1st period - Morgan Frost wins face-off versus Casey Mittelstadt in Vancouver Canucks zone.
9:39 of 1st period - Snap shot by T.J. Oshie.
9:39 of 1st period - Stopped by Joonas Korpisalo with a rebound.
9:47 of 1st period - Wrist shot by Mikko Rantanen.
9:47 of 1st period - Shot Blocked by Morgan Frost.
10:05 of 1st period - Snap shot by Anthony Cirelli.
10:05 of 1st period - Shot Blocked by Matias Maccelli.
10:29 of 1st period - Wrist shot by Artturi Lehkonen.
10:29 of 1st period - Shot Misses the Net.
10:41 of 1st period - Mikko Rantanen is hit by Miles Wood and loses puck.
12:35 of 1st period - Morgan Frost is hit by Taylor Raddysh and loses puck.
12:43 of 1st period - Icing by Miles Wood.
12:44 of 1st period - Lukas Reichel wins face-off versus Ty Dellandrea in Hartford Whalers zone.
13:15 of 1st period - Slapshot by Joshua Norris.
13:15 of 1st period - Shot Blocked by Adam Boqvist.
13:25 of 1st period - Snap shot by Tomas Tatar.
13:25 of 1st period - Stopped by Joonas Korpisalo without a rebound.
13:26 of 1st period - Casey Mittelstadt wins face-off versus Tomas Tatar in Vancouver Canucks zone.
13:26 of 1st period - Casey Mittelstadt is hit by Josh Anderson.
13:50 of 1st period - Matias Maccelli is hit by Ryan Suter and loses puck.
14:07 of 1st period - Kasperi Kapanen is hit by Josh Anderson and loses puck.
14:36 of 1st period - Snap shot by Charlie McAvoy.
14:36 of 1st period - Stopped by Joonas Korpisalo with a rebound.
14:46 of 1st period - Slapshot by Torey Krug.
14:46 of 1st period - Deflect By Kaapo Kakko.
14:46 of 1st period - Stopped by Joonas Korpisalo without a rebound.
14:47 of 1st period - Nick Suzuki wins face-off versus Casey Mittelstadt in Vancouver Canucks zone.
15:00 of 1st period - Wrist shot by Mikko Rantanen.
15:00 of 1st period - Deflect By Casey Mittelstadt.
15:00 of 1st period - Shot Misses the Net.
15:00 of 1st period - Puck is out of play.
15:01 of 1st period - Morgan Frost wins face-off versus Nathan Smith in Hartford Whalers zone.
15:03 of 1st period - Minor Penalty to Kaiden Guhle for Goalie Interference.
15:04 of 1st period - Clayton Keller wins face-off versus Nick Suzuki in Hartford Whalers zone.
16:58 of 1st period - Ryan Suter is hit by Mikko Rantanen and loses puck.
17:03 of 1st period - Penalty to Kaiden Guhle is over, Kaiden Guhle is back on ice.
17:33 of 1st period - Snap shot by Taylor Hall.
17:33 of 1st period - Shot Misses the Net.
17:35 of 1st period - Snap shot by Taylor Hall.
17:35 of 1st period - Stopped by Joonas Korpisalo without a rebound.
17:36 of 1st period - Taylor Hall wins face-off versus Jesperi Kotkaniemi in Vancouver Canucks zone.
17:45 of 1st period - Slapshot by Matthew Coronato.
17:45 of 1st period - Shot Blocked by Jesperi Kotkaniemi.
18:10 of 1st period - Wrist shot by Kasperi Kapanen.
18:10 of 1st period - Stopped by Anton Forsberg with a rebound.
18:22 of 1st period - T.J. Oshie is hit by Emil Martinsen Lilleberg and loses puck.
18:33 of 1st period - Snap shot by Mikko Rantanen.
18:33 of 1st period - Deflect By Kaiden Guhle.
18:33 of 1st period - Shot Misses the Net.
18:33 of 1st period - Puck is out of play.
18:34 of 1st period - Nick Suzuki wins face-off versus Nathan Smith in Hartford Whalers zone.
18:46 of 1st period - Wrist shot by Nick Suzuki.
18:46 of 1st period - Stopped by Joonas Korpisalo with a rebound.
18:50 of 1st period - Backhand shot by Nick Suzuki.
18:50 of 1st period - Stopped by Joonas Korpisalo with a rebound.
19:07 of 1st period - Snap shot by Taylor Raddysh.
19:07 of 1st period - Shot Misses the Net.
19:09 of 1st period - Snap shot by Taylor Raddysh.
19:09 of 1st period - Goal by Taylor Raddysh - Vancouver Canucks : 1 - Hartford Whalers : 1.
19:10 of 1st period - Casey Mittelstadt wins face-off versus Morgan Frost in neutral zone.
19:24 of 1st period - Snap shot by T.J. Oshie.
19:24 of 1st period - Shot Misses the Net.
19:36 of 1st period - Ryan Suter is hit by Taylor Raddysh and loses puck.
Goals for this period are 1 for Vancouver Canucks vs 1 for Hartford Whalers.
Shots for this period are 6 for Vancouver Canucks vs 18 for Hartford Whalers.
2nd period
0:01 of 2nd period - Morgan Frost wins face-off versus Casey Mittelstadt in neutral zone.
0:09 of 2nd period - Icing by Adam Boqvist.
0:10 of 2nd period - Casey Mittelstadt wins face-off versus Morgan Frost in Vancouver Canucks zone.
0:17 of 2nd period - Casey Mittelstadt is hit by Miles Wood and loses puck.
0:50 of 2nd period - Snap shot by T.J. Oshie.
0:50 of 2nd period - Stopped by Joonas Korpisalo with a rebound.
1:02 of 2nd period - Clayton Keller is hit by Miles Wood and loses puck.
1:46 of 2nd period - Icing by Jake Bean.
1:47 of 2nd period - Casey Mittelstadt wins face-off versus Nick Suzuki in Vancouver Canucks zone.
2:14 of 2nd period - Minor Penalty to Mikko Rantanen for Tripping.
2:15 of 2nd period - Joshua Norris wins face-off versus Ty Dellandrea in Vancouver Canucks zone.
2:24 of 2nd period - Snap shot by Tomas Tatar.
2:24 of 2nd period - Shot Misses the Net.
2:26 of 2nd period - Slapshot by Charlie McAvoy.
2:26 of 2nd period - Shot Blocked by Noah Hanifin.
2:28 of 2nd period - Backhand shot by Charlie McAvoy.
2:28 of 2nd period - Stopped by Joonas Korpisalo with a rebound.
3:40 of 2nd period - Backhand shot by Ryan McDonagh.
3:40 of 2nd period - Shot Misses the Net.
3:42 of 2nd period - Backhand shot by Charlie McAvoy.
3:42 of 2nd period - Shot Blocked by Noah Hanifin.
4:02 of 2nd period - Snap shot by Joshua Norris.
4:02 of 2nd period - Stopped by Joonas Korpisalo with a rebound.
4:04 of 2nd period - Slapshot by Ryan McDonagh.
4:04 of 2nd period - Shot Misses the Net.
4:10 of 2nd period - Slapshot by Charlie McAvoy.
4:10 of 2nd period - Deflect By Noah Hanifin.
4:10 of 2nd period - Stopped by Joonas Korpisalo without a rebound.
4:11 of 2nd period - Ty Dellandrea wins face-off versus Nick Suzuki in Vancouver Canucks zone.
4:14 of 2nd period - Penalty to Mikko Rantanen is over, Mikko Rantanen is back on ice.
5:25 of 2nd period - Slapshot by Mikko Rantanen.
5:25 of 2nd period - Stopped by Anton Forsberg with a rebound.
5:54 of 2nd period - Anthony Cirelli is hit by Matias Maccelli and loses puck.
6:15 of 2nd period - Wrist shot by Taylor Raddysh.
6:15 of 2nd period - Shot Misses the Net.
6:17 of 2nd period - Slapshot by Jacob Bernard-Docker.
6:17 of 2nd period - Stopped by Anton Forsberg without a rebound.
6:18 of 2nd period - Nathan Smith wins face-off versus Lukas Reichel in Hartford Whalers zone.
6:47 of 2nd period - Icing by Miles Wood.
6:48 of 2nd period - Morgan Frost wins face-off versus Jesperi Kotkaniemi in Hartford Whalers zone.
6:53 of 2nd period - Slapshot by Charlie McAvoy.
6:53 of 2nd period - Stopped by Joonas Korpisalo with a rebound.
6:55 of 2nd period - Snap shot by Charlie McAvoy.
6:55 of 2nd period - Deflect By Morgan Frost.
6:55 of 2nd period - Stopped by Joonas Korpisalo without a rebound.
6:56 of 2nd period - Josh Anderson wins face-off versus Matias Maccelli in Vancouver Canucks zone.
7:03 of 2nd period - Slapshot by Torey Krug.
7:03 of 2nd period - Stopped by Joonas Korpisalo with a rebound.
7:06 of 2nd period - Icing by Noah Hanifin.
7:07 of 2nd period - Nick Suzuki wins face-off versus Kasperi Kapanen in Vancouver Canucks zone.
7:43 of 2nd period - Ryan McDonagh is hit by Kasperi Kapanen and loses puck.
8:02 of 2nd period - Snap shot by T.J. Oshie.
8:02 of 2nd period - Stopped by Joonas Korpisalo with a rebound.
8:16 of 2nd period - Slapshot by Noah Hanifin.
8:16 of 2nd period - Stopped by Anton Forsberg with a rebound.
8:18 of 2nd period - Slapshot by Miro Heiskanen.
8:18 of 2nd period - Shot Blocked by Torey Krug.
8:24 of 2nd period - Wrist shot by Mikko Rantanen.
8:24 of 2nd period - Stopped by Anton Forsberg with a rebound.
8:26 of 2nd period - Snap shot by Clayton Keller.
8:26 of 2nd period - Shot Misses the Net.
8:28 of 2nd period - Snap shot by Casey Mittelstadt.
8:28 of 2nd period - Stopped by Anton Forsberg with a rebound.
8:30 of 2nd period - Wrist shot by Clayton Keller.
8:30 of 2nd period - Stopped by Anton Forsberg with a rebound.
8:42 of 2nd period - Wrist shot by Joshua Norris.
8:42 of 2nd period - Goal by Joshua Norris - Vancouver Canucks : 1 - Hartford Whalers : 2.
8:43 of 2nd period - Nathan Smith wins face-off versus Anthony Cirelli in neutral zone.
9:12 of 2nd period - Snap shot by Kaapo Kakko.
9:12 of 2nd period - Stopped by Joonas Korpisalo without a rebound.
9:13 of 2nd period - Matias Maccelli wins face-off versus Josh Anderson in Vancouver Canucks zone.
9:46 of 2nd period - Slapshot by Casey Mittelstadt.
9:46 of 2nd period - Stopped by Anton Forsberg with a rebound.
9:48 of 2nd period - Wrist shot by Casey Mittelstadt.
9:48 of 2nd period - Shot Blocked by Ryan Suter.
9:50 of 2nd period - Wrist shot by Casey Mittelstadt.
9:50 of 2nd period - Stopped by Anton Forsberg without a rebound.
9:51 of 2nd period - Nick Suzuki wins face-off versus Nathan Smith in Hartford Whalers zone.
9:56 of 2nd period - Wrist shot by Nick Suzuki.
9:56 of 2nd period - Deflect By Joshua Norris.
9:56 of 2nd period - Shot Misses the Net.
9:56 of 2nd period - Puck is out of play.
9:57 of 2nd period - Nick Suzuki wins face-off versus Nathan Smith in Vancouver Canucks zone.
10:26 of 2nd period - Miro Heiskanen is hit by Ryan McDonagh and loses puck.
10:47 of 2nd period - Morgan Frost is hit by Jesperi Kotkaniemi and loses puck.
11:10 of 2nd period - Slapshot by Lukas Reichel.
11:10 of 2nd period - Stopped by Joonas Korpisalo with a rebound.
11:35 of 2nd period - Wrist shot by Robby Fabbri.
11:35 of 2nd period - Stopped by Anton Forsberg with a rebound.
11:37 of 2nd period - Slapshot by Emil Martinsen Lilleberg.
11:37 of 2nd period - Stopped by Anton Forsberg without a rebound.
11:38 of 2nd period - Nick Suzuki wins face-off versus Jesperi Kotkaniemi in Hartford Whalers zone.
12:03 of 2nd period - Casey Mittelstadt is hit by Miles Wood and loses puck.
12:32 of 2nd period - Snap shot by Taylor Raddysh.
12:32 of 2nd period - Shot Misses the Net.
12:34 of 2nd period - Slapshot by Adam Boqvist.
12:34 of 2nd period - Shot Blocked by Torey Krug.
12:36 of 2nd period - Snap shot by Artturi Lehkonen.
12:36 of 2nd period - Deflect By Taylor Raddysh.
12:36 of 2nd period - Stopped by Anton Forsberg with a rebound.
12:46 of 2nd period - Connor Zary is hit by Ryan Suter and loses puck.
13:09 of 2nd period - Wrist shot by Matias Maccelli.
13:09 of 2nd period - Shot Misses the Net.
13:31 of 2nd period - Wrist shot by Matthew Coronato.
13:31 of 2nd period - Deflect By Taylor Hall.
13:31 of 2nd period - Goal by Taylor Hall - Vancouver Canucks : 1 - Hartford Whalers : 3.
13:32 of 2nd period - Jesperi Kotkaniemi wins face-off versus Nick Suzuki in neutral zone.
13:43 of 2nd period - Slapshot by Jesperi Kotkaniemi.
13:43 of 2nd period - Stopped by Anton Forsberg with a rebound.
13:45 of 2nd period - Slapshot by Emil Martinsen Lilleberg.
13:45 of 2nd period - Shot Misses the Net.
13:47 of 2nd period - Wrist shot by Jesperi Kotkaniemi.
13:47 of 2nd period - Shot Misses the Net.
14:16 of 2nd period - Miles Wood is hit by Miro Heiskanen.
14:44 of 2nd period - Slapshot by Miro Heiskanen.
14:44 of 2nd period - Deflect By Clayton Keller.
14:44 of 2nd period - Stopped by Anton Forsberg without a rebound.
14:45 of 2nd period - Jesperi Kotkaniemi wins face-off versus Anthony Cirelli in Hartford Whalers zone.
14:48 of 2nd period - Slapshot by Kasperi Kapanen.
14:48 of 2nd period - Stopped by Anton Forsberg with a rebound.
14:50 of 2nd period - Wrist shot by Matias Maccelli.
14:50 of 2nd period - Shot Blocked by Alec Martinez.
14:52 of 2nd period - Snap shot by Jake Bean.
14:52 of 2nd period - Shot Misses the Net.
14:54 of 2nd period - Slapshot by Adam Boqvist.
14:54 of 2nd period - Shot Misses the Net.
14:56 of 2nd period - Slapshot by Jake Bean.
14:56 of 2nd period - Shot Misses the Net.
14:58 of 2nd period - Slapshot by Jesperi Kotkaniemi.
14:58 of 2nd period - Deflect By Nick Suzuki.
14:58 of 2nd period - Shot Misses the Net.
14:58 of 2nd period - Puck is out of play.
14:59 of 2nd period - Nick Suzuki wins face-off versus Casey Mittelstadt in Hartford Whalers zone.
14:59 of 2nd period - Nick Suzuki is hit by Clayton Keller.
15:21 of 2nd period - Minor Penalty to Mikko Rantanen for Holding.
15:22 of 2nd period - Ty Dellandrea wins face-off versus Nick Suzuki in Vancouver Canucks zone.
15:22 of 2nd period - Ty Dellandrea is hit by Anthony Cirelli.
15:28 of 2nd period - Anthony Cirelli is hit by Miro Heiskanen and loses puck.
15:57 of 2nd period - Snap shot by Joshua Norris.
15:57 of 2nd period - Shot Misses the Net.
15:59 of 2nd period - Wrist shot by Joshua Norris.
15:59 of 2nd period - Stopped by Joonas Korpisalo with a rebound.
16:35 of 2nd period - Artturi Lehkonen is hit by Kaapo Kakko and loses puck.
17:21 of 2nd period - Penalty to Mikko Rantanen is over, Mikko Rantanen is back on ice.
17:26 of 2nd period - Wrist shot by Clayton Keller.
17:26 of 2nd period - Stopped by Anton Forsberg with a rebound.
19:36 of 2nd period - Anthony Cirelli is hit by Artturi Lehkonen and loses puck.
19:51 of 2nd period - Snap shot by Mikko Rantanen.
19:51 of 2nd period - Shot Misses the Net.
Goals for this period are 0 for Vancouver Canucks vs 2 for Hartford Whalers.
Shots for this period are 15 for Vancouver Canucks vs 13 for Hartford Whalers.
3rd period
0:01 of 3rd period - Nick Suzuki wins face-off versus Jesperi Kotkaniemi in neutral zone.
0:39 of 3rd period - Snap shot by Matias Maccelli.
0:39 of 3rd period - Stopped by Anton Forsberg without a rebound.
0:40 of 3rd period - Nick Suzuki wins face-off versus Nathan Smith in Hartford Whalers zone.
0:44 of 3rd period - Torey Krug is hit by Emil Martinsen Lilleberg and loses puck.
1:54 of 3rd period - Slapshot by Alec Martinez.
1:54 of 3rd period - Shot Misses the Net.
1:56 of 3rd period - Slapshot by Kaiden Guhle.
1:56 of 3rd period - Shot Blocked by Robby Fabbri.
2:10 of 3rd period - Nick Suzuki is hit by Jesperi Kotkaniemi and loses puck.
2:15 of 3rd period - Snap shot by Kasperi Kapanen.
2:15 of 3rd period - Stopped by Anton Forsberg with a rebound.
2:33 of 3rd period - Jake Bean is hit by Charlie McAvoy.
2:55 of 3rd period - Snap shot by T.J. Oshie.
2:55 of 3rd period - Shot Misses the Net.
2:57 of 3rd period - Wrist shot by T.J. Oshie.
2:57 of 3rd period - Shot Blocked by Adam Boqvist.
3:13 of 3rd period - Wrist shot by Taylor Raddysh.
3:13 of 3rd period - Shot Blocked by Ryan Suter.
3:23 of 3rd period - Slapshot by Nick Suzuki.
3:23 of 3rd period - Stopped by Joonas Korpisalo with a rebound.
3:33 of 3rd period - Snap shot by Kasperi Kapanen.
3:33 of 3rd period - Stopped by Anton Forsberg with a rebound.
3:48 of 3rd period - Emil Martinsen Lilleberg is hit by Josh Anderson and loses puck.
4:03 of 3rd period - T.J. Oshie is hit by Emil Martinsen Lilleberg and loses puck.
4:10 of 3rd period - Wrist shot by Artturi Lehkonen.
4:10 of 3rd period - Stopped by Anton Forsberg without a rebound.
4:11 of 3rd period - Nick Suzuki wins face-off versus Jesperi Kotkaniemi in Hartford Whalers zone.
5:00 of 3rd period - Icing by Ryan McDonagh.
5:01 of 3rd period - Nathan Smith wins face-off versus Morgan Frost in Hartford Whalers zone.
5:53 of 3rd period - Minor Penalty to Casey Mittelstadt for Delaying the game.
5:54 of 3rd period - Joshua Norris wins face-off versus Ty Dellandrea in Vancouver Canucks zone.
5:54 of 3rd period - Slapshot by Torey Krug.
5:54 of 3rd period - Shot Misses the Net.
5:56 of 3rd period - Snap shot by Torey Krug.
5:56 of 3rd period - Deflect By Joshua Norris.
5:56 of 3rd period - Stopped by Joonas Korpisalo with a rebound.
5:58 of 3rd period - Wrist shot by Kaapo Kakko.
5:58 of 3rd period - Goal by Kaapo Kakko - Vancouver Canucks : 1 - Hartford Whalers : 4.
5:59 of 3rd period - Casey Mittelstadt wins face-off versus Joshua Norris in neutral zone.
6:04 of 3rd period - Icing by Nick Suzuki.
6:05 of 3rd period - Nick Suzuki wins face-off versus Casey Mittelstadt in Hartford Whalers zone.
6:05 of 3rd period - Nick Suzuki is hit by Mikko Rantanen.
6:32 of 3rd period - Snap shot by T.J. Oshie.
6:32 of 3rd period - Deflect By Morgan Frost.
6:32 of 3rd period - Stopped by Joonas Korpisalo with a rebound.
7:00 of 3rd period - Wrist shot by Artturi Lehkonen.
7:00 of 3rd period - Shot Misses the Net.
7:02 of 3rd period - Slapshot by Noah Hanifin.
7:02 of 3rd period - Deflect By Artturi Lehkonen.
7:02 of 3rd period - Stopped by Anton Forsberg without a rebound.
7:03 of 3rd period - Anthony Cirelli wins face-off versus Nathan Smith in Hartford Whalers zone.
7:03 of 3rd period - Anthony Cirelli is hit by Nathan Smith.
7:14 of 3rd period - Minor Penalty to Nathan Smith for Interference.
7:15 of 3rd period - Nick Suzuki wins face-off versus Kasperi Kapanen in Vancouver Canucks zone.
8:56 of 3rd period - Kasperi Kapanen is hit by Morgan Frost and loses puck.
9:14 of 3rd period - Penalty to Nathan Smith is over, Nathan Smith is back on ice.
9:21 of 3rd period - Snap shot by Casey Mittelstadt.
9:21 of 3rd period - Shot Misses the Net.
9:31 of 3rd period - Slapshot by Lukas Reichel.
9:31 of 3rd period - Shot Blocked by Mikko Rantanen.
9:43 of 3rd period - Snap shot by Robby Fabbri.
9:43 of 3rd period - Shot Blocked by Miles Wood.
10:15 of 3rd period - Lukas Reichel is hit by Clayton Keller and loses puck.
10:50 of 3rd period - Wrist shot by Kasperi Kapanen.
10:50 of 3rd period - Deflect By Jesperi Kotkaniemi.
10:50 of 3rd period - Stopped by Anton Forsberg without a rebound.
10:51 of 3rd period - Jesperi Kotkaniemi wins face-off versus Josh Anderson in Hartford Whalers zone.
11:16 of 3rd period - Jacob Bernard-Docker is hit by Torey Krug and loses puck.
11:43 of 3rd period - Snap shot by Josh Anderson.
11:43 of 3rd period - Shot Blocked by Adam Boqvist.
12:03 of 3rd period - Snap shot by Josh Anderson.
12:03 of 3rd period - Stopped by Joonas Korpisalo without a rebound.
12:04 of 3rd period - Jesperi Kotkaniemi wins face-off versus Nick Suzuki in Vancouver Canucks zone.
12:12 of 3rd period - Slapshot by Nick Suzuki.
12:12 of 3rd period - Shot Blocked by Noah Hanifin.
12:39 of 3rd period - Snap shot by Clayton Keller.
12:39 of 3rd period - Stopped by Anton Forsberg with a rebound.
12:41 of 3rd period - Slapshot by Jacob Bernard-Docker.
12:41 of 3rd period - Stopped by Anton Forsberg without a rebound.
12:42 of 3rd period - Nathan Smith wins face-off versus Nick Suzuki in Hartford Whalers zone.
12:45 of 3rd period - Snap shot by Taylor Raddysh.
12:45 of 3rd period - Shot Misses the Net.
13:09 of 3rd period - Jacob Bernard-Docker is hit by T.J. Oshie and loses puck.
13:41 of 3rd period - Wrist shot by Ty Dellandrea.
13:41 of 3rd period - Stopped by Anton Forsberg with a rebound.
13:43 of 3rd period - Snap shot by Jake Bean.
13:43 of 3rd period - Shot Misses the Net.
13:59 of 3rd period - Wrist shot by Nick Suzuki.
13:59 of 3rd period - Shot Misses the Net.
14:36 of 3rd period - Off-side.
14:37 of 3rd period - Jesperi Kotkaniemi wins face-off versus Taylor Hall in neutral zone.
14:40 of 3rd period - Matthew Coronato is hit by Jesperi Kotkaniemi and loses puck.
15:03 of 3rd period - Casey Mittelstadt is hit by Nick Suzuki.
15:07 of 3rd period - Nick Suzuki is hit by Mikko Rantanen.
15:26 of 3rd period - Off-side.
15:27 of 3rd period - Jesperi Kotkaniemi wins face-off versus Tomas Tatar in neutral zone.
15:44 of 3rd period - Miro Heiskanen is hit by Josh Anderson.
16:20 of 3rd period - Slapshot by Matthew Coronato.
16:20 of 3rd period - Stopped by Joonas Korpisalo with a rebound.
16:37 of 3rd period - Wrist shot by Miles Wood.
16:37 of 3rd period - Shot Misses the Net.
16:39 of 3rd period - Snap shot by Miles Wood.
16:39 of 3rd period - Stopped by Joonas Korpisalo with a rebound.
16:41 of 3rd period - Wrist shot by Morgan Frost.
16:41 of 3rd period - Shot Misses the Net.
16:43 of 3rd period - Slapshot by Ryan Suter.
16:43 of 3rd period - Deflect By T.J. Oshie.
16:43 of 3rd period - Stopped by Joonas Korpisalo without a rebound.
16:44 of 3rd period - Nick Suzuki wins face-off versus Casey Mittelstadt in Vancouver Canucks zone.
17:11 of 3rd period - Kasperi Kapanen is hit by Kaiden Guhle and loses puck.
17:40 of 3rd period - Connor Zary is hit by Taylor Hall and loses puck.
18:13 of 3rd period - Snap shot by Artturi Lehkonen.
18:13 of 3rd period - Deflect By Taylor Raddysh.
18:13 of 3rd period - Shot Misses the Net.
18:13 of 3rd period - Puck is out of play.
18:14 of 3rd period - Miles Wood wins face-off versus Nathan Smith in Hartford Whalers zone.
18:39 of 3rd period - Miles Wood is hit by Jake Bean and loses puck.
19:58 of 3rd period - Snap shot by Tomas Tatar.
19:58 of 3rd period - Stopped by Joonas Korpisalo with a rebound.
Goals for this period are 0 for Vancouver Canucks vs 1 for Hartford Whalers.
Shots for this period are 9 for Vancouver Canucks vs 9 for Hartford Whalers.
Back to the Top